 Dungeon Crawl Stone Soup version 0.28.0-49-g6dfe1f597d (webtiles) character file.

Game seed: 1600368422726909447

102 Exodus22XD the Covered (level 4, 11/42 HPs)
             Began as a Deep Dwarf Fighter on May 14, 2022.
             Was a Follower of Qazlal.
             Quit the game on level 3 of the Dungeon.
             The game lasted 00:02:19 (1438 turns).

Exodus22XD the Covered (Deep Dwarf Fighter)         Turns: 1438, Time: 00:02:20

Health: 11/42      AC:  9    Str: 21    XL:     4   Next: 50%
Magic:  4/4        EV:  7    Int:  9    God:    Qazlal [*.....]
Gold:   98         SH:  6    Dex: 12    Spells: 3/3 levels left

rFire   . . .      SeeInvis .   a - +0 war axe
rCold   . . .      Faith    .   c - +0 buckler
rNeg    . . .      Spirit   .   j - +0 chain mail
rPois   .          Reflect  .   (no helmet)
rElec   .          Harm     .   (no cloak)
rCorr   .          Rampage  .   (no gloves)
Will    .....                   (no boots)
Stlth   ..........              (no amulet)
HPRegen 0.00/turn               (no ring)
MPRegen 0.09/turn               (no ring)

@: no status effects
A: damage resistance, heal wounds, sense surroundings 1, no regeneration
a: Heal Wounds, Renounce Religion


You were on level 3 of the Dungeon.
You worshipped Qazlal.
Qazlal was aware of your devotion.
You visited 1 branch of the dungeon, and saw 3 of its levels.

You collected 98 gold pieces.

Inventory:

Hand Weapons
 a - a +0 war axe (weapon)
Armour
 b - a +0 scale mail
 c - a +0 buckler (worn)
 j - a +0 chain mail (worn)
Wands
 h - a wand of polymorph (6)
Scrolls
 f - a scroll of immolation {unknown}
Potions
 d - 2 potions of might
 e - 2 potions of heal wounds {unknown}
 g - a potion of brilliance {unknown}
 i - a potion of cancellation {unknown}
 k - a potion of curing {unknown}
 l - a potion of mutation {unknown}


   Skills:
 + Level 3.2 Fighting
 + Level 3.3 Axes
 + Level 4.3 Armour
 + Level 3.7 Shields


You had 3 spell levels left.
You didn't know any spells.
Your spell library was empty.

Dungeon Overview and Level Annotations

Branches:
Dungeon (3/15)

Altars:
Qazlal

Shops:
D:2 =


Innate Abilities, Weirdness & Mutations

You are resistant to damage.
You can heal yourself by infusing magical energy.
You passively map a small area around you.
You do not regenerate.


Message History

The bat hits you but does no damage. x2
You hit the bat.
You kill the bat!
Found a hunting sling.
You are too injured to fight recklessly!
l - a bubbling puce potion You are too injured to fight recklessly!
You are too injured to fight recklessly!
Done exploring.
You are too injured to fight recklessly!
Done exploring.
You are too injured to fight recklessly!
Done exploring.
There is an open door here.
You see here 12 stones.
You see here a bat skeleton.
There is a stone staircase leading down here.
Search for what [Enter for "god", or ? for help]? god Can't find anything matching that.
Unknown command.
Unknown command.
You climb downwards.
The endoplasm quivers.
There is a stone staircase leading up here.
An endoplasm is nearby!
You are too injured to fight recklessly!
An endoplasm is nearby!
You are too injured to fight recklessly!
You slash the endoplasm!
You kill the endoplasm!
You now have 98 gold pieces (gained 10).
Found a whip.
Found a faded altar of an unknown god.
Found a stone staircase leading down.
There is a faded altar of an unknown god here.
You cannot tell which god this altar belongs to.
Convert to them anyway?
Qazlal accepts your prayer! Qazlal welcomes you!
Qazlal grants you and your divine allies immunity to clouds.
You are now surrounded by a storm.
Are you sure you want to abandon this character and quit the game? (Confirm with "yes".)

#...#.##### * , *
####.........# , ,
.......#.###.### *
#......#.......# *, >
#......#####.#.# .. ,**
#......#.....#.######...,
#......#.###.....)......
.......#,* #............
* .......# #....@.......
, .#####.# *
###.###...... , . ,.# ,
,*#..,,,.#.##* , *, ####
* #, * , , , ,, , , ,, ,
* ** , * ** * , * * ,, ,
, *


There were no monsters in sight!

Vanquished Creatures
  Jessica (D:2)
  2 adders (D:2)
  A worm (D:2)
  2 dart slugs
  4 ball pythons
  7 bats
  7 endoplasms
  2 giant cockroaches
  A goblin (D:1)
  4 hobgoblins
  4 jackals (D:1)
  4 quokkas (D:2)
  A frilled lizard (D:2)
  5 kobolds
  3 rats
48 creatures vanquished.

Notes
Turn   | Place    | Note
-------+----------+-------------------------------------------
     0 | D:1      | Exodus22XD the Deep Dwarf Fighter began the quest for the
                  | Orb.
     0 | D:1      | Reached XP level 1. HP: 20/20 MP: 1/1
   135 | D:1      | Reached XP level 2. HP: 18/27 MP: 2/2
   647 | D:2      | Found Ykaet's Jewellery Shop.
   686 | D:2      | Reached XP level 3. HP: 18/34 MP: 3/3
   831 | D:2      | Noticed Jessica
   845 | D:2      | Killed Jessica
   919 | D:2      | Reached XP level 4. HP: 22/42 MP: 4/4
  1086 | D:2      | Reached skill level 4 in Armour
  1432 | D:3      | Found a faded altar of an unknown god.
  1437 | D:3      | Prayed at the altar of an unknown god.
  1437 | D:3      | Became a worshipper of Qazlal Stormbringer
  1437 | D:3      | Reached * piety under Qazlal
  1438 | D:3      | Quit the game

Illustrated notes

Levels and vault maps discovered:
D:1:      scummos_arrival_star, layout_basic
D:2:      layout_loops_ring, serial_shops, shop, kennysheep_path_1,
          kennysheep_jessica_study
D:3:      layout_basic, nicolae_hepliaklqana_hippocampus, basic_ecumenical_altar

Skill      XL: |  1  2  3  4 |
---------------+-------------+-----
Fighting       | 3 |  3.2
Axes           | 3 |  3.3
Armour         | 4 |  4.3
Shields        | |  3.7

Action                   |  1- 3 |  4- 6 || total
-------------------------+-------+-------++-------
Melee: War axe           |    82 |    30 ||   112
       Unarmed           |     9 |       ||     9
Armor: Scale mail        |    51 |    13 ||    64
       Skin              |     1 |       ||     1
       Chain mail        |       |    35 ||    35
Dodge: Dodged            |    68 |    31 ||    99
Block: Buckler           |    31 |    16 ||    47
